 Dungeon Crawl Stone Soup version 0.27-a0-920-gb2bd10914a (webtiles) character file.

Game seed: 17432494913675838595

16 jestyr24 the Conjurer (level 2, 0/17 HPs)
             Began as an Octopode Conjurer on Apr 10, 2021.
             Slain by a jackal (2 damage)
             ... on level 1 of the Dungeon.
             The game lasted 00:01:38 (670 turns).

jestyr24 the Conjurer (Octopode Conjurer)            Turns: 670, Time: 00:01:39

Health: 0/17       AC:  1    Str:  6    XL:     2   Next: 54%
Magic:  4/5        EV: 13    Int: 20    God:
Gold:   26         SH:  0    Dex: 10    Spells: 4/5 levels left

rFire    . . .     SeeInvis .   d - +0 short sword
rCold    . . .     Faith    .   (no shield)
rNeg     . . .     Spirit   .   (helmet restricted)
rPois    .         Reflect  .   (no amulet)
rElec    .         Harm     .   (no ring)
rCorr    .         Rampage  .   (no ring)
Will     .....                  (no ring)
Stlth    +++.......             (no ring)
HPRegen  0.05/turn              (no ring)
MPRegen  0.09/turn              (no ring)
                                (no ring)
                                (no ring)

@: attractive
A: almost no armour, amphibious, 8 rings, camouflage 1, gelatinous body 1,
(nimble swimmer 1), tentacles
a: no special abilities


You were on level 1 of the Dungeon.
You visited 1 branch of the dungeon, and saw 1 of its levels.

You collected 26 gold pieces.

Inventory:

Hand Weapons
 d - a +0 short sword (weapon)
Scrolls
 a - 3 scrolls of teleportation


   Skills:
 + Level 2.0 Dodging
 + Level 2.6 Stealth
 + Level 2.0 Spellcasting
 + Level 4.6 Conjurations


You had 4 spell levels left.
You knew the following spells:

 Your Spells              Type           Power      Damage    Failure   Level
a - Magic Dart            Conj           80%        1d7       2%          1

Your spell library contained the following spells:

 Spells                   Type           Power      Damage    Failure   Level
 Searing Ray              Conj           40%        3d4       3%          2
 Dazzling Flash           Conj/Hex       22%        N/A       19%         3
 Fulminant Prism          Conj/Hex       5%         3d7       52%         4
 Iskenderun's Mystic Bla  Conj/Tloc      11%        2d4       52%         4


Dungeon Overview and Level Annotations

Branches:
Dungeon (1/15)

Altars:


Innate Abilities, Weirdness & Mutations

You cannot wear most types of armour.
You are amphibious.
You can wear up to eight rings at the same time.
Your skin changes colour to match your surroundings (Stealth+).
Your rubbery body absorbs attacks. (AC +1, EV +1)
((You are camouflaged near water. (Stealth+)))
You have tentacles for arms and can constrict up to eight enemies at once.


Message History

* * * LOW HITPOINT WARNING * * *
The hobgoblin misses you.
You hit the hobgoblin but do no damage.
The hobgoblin is almost dead.
You constrict the hobgoblin.
You kill the hobgoblin!
The jackal barely misses you. The jackal bites you.
* * * LOW HITPOINT WARNING * * *
You are too injured to fight recklessly!
You closely miss the jackal. Your grab misses the jackal. The jackal bites you.
* * * LOW HITPOINT WARNING * * *
The jackal closely misses you.
It was a potion of attraction.
You feel attractive to monsters. The jackal bites you.
* * * LOW HITPOINT WARNING * * *
You hit the jackal. Your grab misses the jackal.
The jackal is moderately wounded.
The jackal bites you but does no damage.
The jackal barely misses you.
You completely miss the jackal. Your grab misses the jackal.
The jackal is moderately wounded.
The jackal barely misses you.
You hit the jackal but do no damage. Your grab misses the jackal.
The jackal is moderately wounded.
The jackal barely misses you. The jackal bites you.
* * * LOW HITPOINT WARNING * * *
You hit the jackal but do no damage. Your grab misses the jackal.
The jackal is moderately wounded.
The jackal closely misses you.
You hit the jackal but do no damage. Your grab misses the jackal.
The jackal is moderately wounded.
The jackal closely misses you. x2
You hit the jackal.
You kill the jackal!
The jackal closely misses you. The jackal is pulled toward you!
You closely miss the jackal. You grab the jackal.
The jackal is heavily wounded.
You constrict the jackal. The jackal bites you.
You die...

######## .......#####
##.........# ###
##...#.###.# ##.##
#......###.####...##
##...#.............#
#.######.######..#
#.#8^..#.# ..8#@#
#.###.##_##.###h#
###...........#h#
##.#^#.......#^#h# ##
#..#8^.........#.### .)
...####.....####...## .####
........#.##........##...h..
.>......+...........hh..#
........####...#.#..#h#.....


You could see 3 jackals.

Vanquished Creatures
  A dart slug (D:1)
  2 ball pythons (D:1)
  A bat (D:1)
  An endoplasm (D:1)
  3 hobgoblins (D:1)
  A jackal (D:1)
  A quokka (D:1)
  A kobold (D:1)
11 creatures vanquished.

Notes
Turn   | Place    | Note
-------+----------+-------------------------------------------
     0 | D:1      | jestyr24 the Octopode Conjurer began the quest for the Orb.
     0 | D:1      | Reached XP level 1. HP: 11/11 MP: 3/3
   313 | D:1      | Reached XP level 2. HP: 11/17 MP: 0/5
   514 | D:1      | Found a faded altar of an unknown god.
   670 | D:1      | Slain by a jackal

Illustrated notes

Levels and vault maps discovered:
D:1:      ebering_trefoil_3fold, layout_loops_corners,
          shapermc_ecumenical_altar_mp_highgroup, minmay_misc_feat_rows

Action                   || total
-------------------------++-------
Melee: Unarmed           ||     6
       Constrict         ||     3
       Tentacles         ||     1
       Short sword       ||    15
 Cast: Magic Dart        ||    21
  Use: Scroll            ||     2
       Potion            ||     1
Armor: Skin              ||     5
Dodge: Dodged            ||    26

Table legend: (Time is in decaauts)
 A = Elapsed time spent in this place.
 B = Non-inter-level travel time spent in this place.
 C = Inter-level travel time spent in this place.
 D = Time resting spent in this place.
 E = Time spent auto-exploring this place.
 F = Levels seen in this place.
 G = Mean time per level.
                   A        B        C        D        E       F      G
               +--------+--------+--------+--------+--------+-----+--------+
         Total |    670 |    670 |      0 |    225 |    363 |   1 |  670.0 |
       Dungeon |    670 |    670 |      0 |    225 |    363 |   1 |  670.0 |
               +--------+--------+--------+--------+--------+-----+--------+

Top non-repeatable levels by time:
     D:1: 670 daAuts
